AoeStats
← Mr. nobuildorder

Arabia

503472743Analyzed
2v2 RM · 1mo ago on Aug 31, 2026· 72m 9s· 4 players
Game mode
Random Map
Map size
Medium (4 player)
Population
200
Speed
Normal
Resources
Standard
Victory
Conquest
Starting age
Dark Age
Ending age
Imperial Age
RankedLock teamsTeams togetherTeam positionsShared explorationLock speedFull tech treeHidden civsTurbo modeCheats
Victory
Defeat
🇵🇪 Byzantines · Peru
1225
+13
🇺🇸 Cumans · United States
1206
+14
🇺🇸 Chinese · United States
1230
-17
🇬🇧 Armenians · United Kingdom
1093
-11
Pinchost
7:46 Loom
10:15 Feudal Age
10:54 Double-Bit Axe
22:04 Castle Age
20:52 Gold Mining
22:21 Crossbowman
23:23 Bow Saw
24:00 Fletching
27:32 Horse Collar
28:27 Bodkin Arrow
29:54 Wheelbarrow
29:30 Padded Archer Armor
30:00 Scale Barding Armor
32:25 Forging
33:08 Hand Cart
35:03 Thumb Ring
38:24 Imperial Age
37:24 Chain Barding Armor
38:39 Forging
39:16 Ballistics
40:17 Chemistry
38:43 Arbalester
39:26 Bracer
40:01 Iron Casting
40:02 Husbandry
40:13 Cavalier
43:44 Conscription
43:24 Elite Skirmisher
45:08 Plate Barding Armor
45:26 Gold Shaft Mining
45:47 Paladin
49:16 Leather Archer Armor
49:53 Stone Mining
52:48 Ring Archer Armor
53:58 Elite Cataphract
66:56 Scale Mail Armor
Mr. nobuildorder
4:55 Loom
9:55 Feudal Age
10:57 Double-Bit Axe
11:48 Town Watch
17:25 Fletching
19:58 Horse Collar
20:47 Padded Archer Armor
24:26 Castle Age
24:04 Scale Barding Armor
25:06 Bodkin Arrow
25:42 Leather Archer Armor
24:51 Elite Skirmisher
38:27 Bow Saw
38:37 Bloodlines
39:23 Gold Mining
41:59 Wheelbarrow
43:07 Ballistics
49:04 Capped Ram
51:56 Masonry
58:01 Light Cavalry
62:08 Chain Barding Armor
63:17 Hand Cart
63:15 Forging
64:10 Thumb Ring
65:38 Heavy Plow
70:53 Imperial Age
72:18 Ring Archer Armor
72:59 Chemistry
The Looinrims
0:29 Loom
8:51 Feudal Age
11:11 Double-Bit Axe
14:00 Fletching
21:35 Castle Age
19:57 Gold Mining
20:50 Padded Archer Armor
22:24 Bodkin Arrow
21:50 Crossbowman
23:48 Thumb Ring
29:56 Bow Saw
31:20 Ballistics
31:58 Leather Archer Armor
36:31 Imperial Age
37:44 Wheelbarrow
37:54 Bracer
37:22 Arbalester
42:04 Chemistry
44:48 Ring Archer Armor
44:37 Heavy Rocket Cart
44:51 Capped Ram
47:23 Siege Ram
trdc
3:39 Loom
10:39 Feudal Age
11:02 Man-at-Arms
14:04 Long Swordsman
15:01 Arson
20:20 Scale Mail Armor
21:34 Wheelbarrow
26:08 Castle Age
25:32 Fletching
27:31 Elite Skirmisher
28:12 Bodkin Arrow
28:52 Double-Bit Axe
31:13 Pikeman
31:55 Squires
34:22 Forging
34:27 Chain Mail Armor
39:39 Hand Cart
40:38 Iron Casting
40:36 Ballistics
41:26 Bow Saw
42:34 Halberdier
44:11 Padded Archer Armor
45:42 Stone Mining
45:46 Gold Mining
50:21 Imperial Age
53:05 Imperial Age
55:35 Plate Mail Armor
56:06 Blast Furnace
56:24 Bracer
57:46 Light Cavalry
58:38 Husbandry
66:57 Conscription
Connection lost

Rejoining the realm…

Still unreachable

The connection could not be restored.

Session expired

The server has moved on; the page needs a fresh start.